 Dungeon Crawl Stone Soup version 0.25-a0-661-g55ea3d2053 (webtiles) character file.

Game seed: 2529423713974136361, levelgen mode: deterministic

95687 Esekla the Thaumaturge (level 16, -4/103 HPs)
             Began as an Octopode Venom Mage on Mar 23, 2020.
             Was the Champion of Ashenzari.
             Slain by Asterion
             ... wielding a +2 demon whip of draining
              (38 damage)
             ... on level 1 of the Spider Nest on Mar 24, 2020.
             The game lasted 05:44:09 (28988 turns).

Esekla the Thaumaturge (Octopode Venom Mage)       Turns: 28988, Time: 05:44:18

Health: -4/103     AC:  6    Str: 13    XL:     16   Next: 14%
Magic:  36/50      EV: 28    Int: 21    God:    Ashenzari [******]
Gold:   920        SH: 10    Dex: 26    Spells: 13/40 levels left

rFire    + . .     SeeInvis +   H - +9 quick blade (curse)
rCold    + . .     Gourm    .   f - +2 buckler {AC+3} (curse)
rNeg     + + .     Faith    .   m - +2 hat (curse)
rPois    +         Spirit   .   U - amulet of regeneration (curse)
rElec    .         Reflect  .   R - ring of resist corrosion
rCorr    +         Harm     .   N - ring "Foanejayc" {MP+9 Str+3 Slay+2} (curse)
MR       +....     Clarity  +   r - +6 ring of dexterity (curse)
Stlth    +++++++++.             I - ring "Cown" {rC+ MP+9} (curse)
HPRegen  0.67/turn              K - ring of poison resistance (curse)
MPRegen  0.32/turn              c - ring of Okawaru's Castigation {rN++ Slay+5 Stlth+}
                                O - +5 ring of dexterity (curse)
                                W - ring of protection from fire (curse)

@: about to teleport, lightly drained
A: almost no armour, stealthy swim, amphibious, 8 rings, constrict 8, camouflage
1, agile 1, gelatinous body 1, MP-powered wands
a: Curse Item, Scrying, Transfer Knowledge, Renounce Religion


You were on level 1 of the Spider Nest.
You worshipped Ashenzari.
Ashenzari was exalted by your worship.
You were very hungry.

You visited 5 branches of the dungeon, and saw 25 of its levels.

You collected 4160 gold pieces.
You spent 3240 gold pieces at shops.

Inventory:

Hand Weapons
 e - a +3 falchion of electrocution
 h - a +2 falchion of holy wrath
 k - the +6 hunting sling of Boucaf {venom, rElec rC+ Str+7}
   (You found it on level 10 of the Dungeon)

   It poisons the ammo it fires.
   It affects your strength (+7).
   It protects you from cold.
   It insulates you from electricity.
 H - a cursed +9 quick blade (weapon)
 S - the +3 dagger of a Gauntlet {venom, MR+}
   (You found it on level 3 of the Lair of Beasts)

   It poisons the flesh of those it strikes.
   It affects your resistance to hostile enchantments.
Missiles
 g - 13 silver boomerangs
 s - 124 poisoned darts (quivered)
 y - 83 sling bullets
 z - 56 boomerangs
 G - 8 silver javelins
Armour
 f - a cursed +2 buckler of protection (worn)
 m - a cursed +2 hat (worn)
Jewellery
 c - the ring of Okawaru's Castigation (on tentacle) {rN++ Slay+5 Stlth+}
   (You bought it in a shop on level 1 of the Orcish Mines)

   [ring of stealth]

   It affects your accuracy and damage with ranged weapons and melee attacks
   (+5).
   It greatly protects you from negative energy.
   It makes you more stealthy.
 r - a cursed +6 ring of dexterity (on tentacle)
 v - an uncursed ring of positive energy
 I - the cursed ring "Cown" (on tentacle) {rC+ MP+9}
   (You acquired it on level 4 of the Dungeon)

   [ring of protection from cold]

   It protects you from cold.
   It affects your magic capacity (+9).
   It has a curse placed upon it.
 K - a cursed ring of poison resistance (on tentacle)
 N - the cursed ring "Foanejayc" (right tentacle) {MP+9 Str+3 Slay+2}
   (You found it on level 3 of the Lair of Beasts)

   [ring of magical power]

   It affects your strength (+3).
   It affects your accuracy and damage with ranged weapons and melee attacks
   (+2).
   It affects your magic capacity (+9).
   It has a curse placed upon it.
 O - a cursed +5 ring of dexterity (on tentacle)
 R - a ring of resist corrosion (left tentacle)
 U - a cursed amulet of regeneration (around mantle)
 W - a cursed ring of protection from fire (on tentacle)
 Z - a +2 ring of intelligence
Wands
 a - a wand of acid (10)
 j - a wand of clouds (4)
 B - a wand of iceblast (11)
 C - a wand of paralysis (37)
 D - a wand of polymorph (18)
 J - a wand of flame (40)
 M - a wand of scattershot (6)
Scrolls
 o - 5 scrolls of amnesia
 p - a scroll of vulnerability
 u - a scroll of holy word
 x - 4 scrolls of identify
 E - 3 scrolls of magic mapping
 F - 11 scrolls of teleportation
 L - 2 scrolls of silence
Potions
 d - 2 potions of haste
 i - 4 potions of might
 l - a potion of stabbing
 n - 3 potions of berserk rage
 q - 2 potions of lignification
 t - 2 potions of ambrosia
 A - 3 potions of flight
 Q - 2 potions of heal wounds
 T - 2 potions of brilliance
 V - a potion of magic
 X - 4 potions of curing
 Y - a potion of cancellation
Miscellaneous
 w - a phantom mirror
 P - a lamp of fire
Comestibles
 b - 35 rations


   Skills:
 + Level 7.3(7.2) Fighting
 - Level 6.4(11.5) Short Blades
 * Level 6.6(7.7) Long Blades
 + Level 4.7(4.6) Throwing
 * Level 10.1(14.3) Dodging
 + Level 11.6(15.7) Stealth
 + Level 5.3(8.2) Shields
 * Level 12.6(12.4) Spellcasting
 + Level 4.6(7.4) Conjurations
 + Level 8.7(11.5) Hexes
 + Level 2.9(5.3) Charms
 + Level 5.3(8.2) Summonings
 + Level 3.2(5.7) Translocations
   Level 1.0(2.6) Transmutations
 + Level 8.5(11.3) Air Magic
 + Level 10.5(13.2) Poison Magic
 + Level 0.8(2.3) Evocations


You had 13 spell levels left.
You knew the following spells:

 Your Spells              Type           Power        Failure   Level  Hunger
a - Apportation           Tloc           #####.       1%          1    None
b - Blink                 Tloc           N/A          1%          2    None
c - Mephitic Cloud        Conj/Pois/Air  ######..     1%          3    None
e - Tukima's Dance        Hex            ######..     1%          3    None
g - Shroud of Golubria    Chrm/Tloc      #####.       1%          2    None
i - Invisibility          Hex            ######..     7%          6    #####..
s - Summon Lightning Spi  Summ/Air       ######..     1%          4    None
v - Poisonous Vapours     Pois/Air       ######       1%          2    None
x - Olgreb's Toxic Radia  Pois           ######..     1%          4    None

Your spell library contained the following spells:

 Spells                   Type           Power        Failure   Level  Hunger
 Sting                    Tmut/Pois      ####         1%          1    None
 Summon Butterflies       Summ           #####...     1%          1    None
 Summon Small Mammal      Summ           ####         1%          1    None
 Call Imp                 Summ           #####...     1%          2    None
 Call Canine Familiar     Summ           #####...     1%          3    None
 Confusing Touch          Hex            ######..     1%          3    None
 Gell's Gravitas          Tloc           #####.....   1%          3    None
 Ignite Poison            Fire/Tmut/Pois #####...     1%          3    None
 Lesser Beckoning         Tloc           #####.....   1%          3    None
 Summon Guardian Golem    Hex/Summ       ######..     1%          3    None
 Teleport Other           Tloc           #####...     1%          3    None
 Passage of Golubria      Tloc           N/A          4%          4    None
 Alistair's Intoxication  Tmut/Pois      #####...     5%          5    ####...
 Yara's Violent Unravell  Hex/Tmut       #####.....   8%          5    ####...
 Summon Ice Beast         Ice/Summ       ####....     9%          4    None
 Metabolic Englaciation   Hex/Ice        #####.....   12%         5    ####...
 Petrify                  Tmut/Erth      ###.....     26%         4    None


Dungeon Overview and Level Annotations

Branches:
Dungeon (15/15)            Temple (1/1) D:4            Lair (6/6) D:11
  Swamp (0/4) Lair:4       Spider (1/4) Lair:3        Slime (0/5) Lair:6
    Orc (2/2) D:11            Elf (0/3) Orc:2        Vaults (0/5) D:13
 Depths (0/5) D:15

Altars:
Ashenzari
Cheibriados
Dithmenos
Elyvilon
Fedhas
Gozag
Hepliaklqana
Kikubaaqudgha
Makhleb
Nemelex Xobeh
Okawaru
Qazlal
Ru
Sif Muna
Trog
Uskayaw
Vehumet
Wu Jian
Xom
Yredelemnul
Zin
The Shining One
Jiyva

Shops:
D:4 (   D:6 [   D:8 (!=:!   D:11 [   Orc:1 *%=**   Orc:2 [(*:

Annotations:
D:10 1 runed translucent door, Flubbersnuff's ghost, novice MiFi
Lair:1 exclusion: oklob plant
Lair:6 1 runed translucent door
Spider:1 Asterion


Innate Abilities, Weirdness & Mutations

You cannot wear most types of armour.
You are very stealthy in the water. (Stealth+)
You are amphibious.
You can wear up to eight rings at the same time.
You can use your tentacles to constrict eight enemies at once.
Your skin changes colour to match your surroundings (Stealth+).
Your rubbery body absorbs attacks. (AC +1, EV +1)
You are agile. (Dex +2)
You expend magic power (3 MP) to strengthen your wands.


Message History

The orb spider spins a strand of pure energy.
Asterion is engulfed in poison gas.
Asterion looks as sick as possible!
Send 'em back where they came from!
Your lightning spire disappears in a puff of smoke!
As you read the scroll of teleportation, it crumbles to dust.
You feel strangely unstable.
The moth of wrath is engulfed in noxious fumes.
Asterion closely misses you. You block Asterion's attack.
Casting: Mephitic Cloud (safe; 1% risk of failure)
Confirm with . or Enter, or press ? or * to list all spells.
Aiming: Poisonous Vapours (safe; 1% risk of failure)
Press: ? - help, Dir - move target cursor, f/p - moth of wrath
Aim: a moth of wrath (lightly wounded, poisoned) Poisonous vapours surround the moth of wrath!
Asterion conjures a destructive force in the name of Makhleb!
The iron shot hits you!!
The moth of wrath is engulfed in poison gas.
The moth of wrath looks even sicker.
The moth of wrath barely misses you.
Asterion hits you with a +2 demon whip of draining!!!
You die...

** .......#.....###.. **
≈.............≈#.... *
.............s≈>.{s. ,,
#.......).#≈≈≈#..... ,,*
*#...°☼.....≈#≈.....
#..☼§○.....†#.....^ ,
,#○.§......°....#* *
#####..y...○○.....#,≈ **
##...##≈.@H#.#....... *≈ ,
#.....≈...######.....,, ,,
#....≈≈...# * .....,,
#....%≈≈#.# ##.... ,,
#.....≈.### *.....,
#.....≈..#### ......^
#........#..#####|.>...,,,
#........#..#...#....#,*
#...#.......#........# ,,


You could see Asterion, a moth of wrath and an orb spider.

Vanquished Creatures
  Jorgrun (D:13)
  Rupert (Lair:3)
  Kirke (Lair:6)
  Agnes (D:14)
  3 orc warlords
  An ettin (D:15)
  A fire dragon (Lair:6)
  An ogre mage (D:15)
  A catoblepas (D:15)
  Harold (Orc:1)
  9 hydras
  A centaur warrior (D:15)
  A death knight (D:14)
  4 death yaks (Lair:4)
  5 two-headed ogres
  3 tengu warriors
  3 orc high priests (Orc:2)
  Nergalle (Lair:4)
  A wizard (D:13)
  A deep troll (D:15)
  An unseen horror (D:10)
  A deep elf archer (D:15)
  A deep elf mage (D:14)
  A wolf spider zombie (D:14)
  3 lindwurms
  4 orc knights
  An orb spider (Spider:1)
  2 wolf spiders (Spider:1)
  5 orc sorcerers
  6 cyclopes
  A manticore (D:11)
  An elephant (Lair:5)
  7 ugly things (D:15)
  A black mamba (Lair:3)
  A torpor snail (Lair:5)
  2 molten gargoyles (Lair:6)
  5 rime drakes (Lair:4)
  2 spiny frogs
  A yaktaur (D:15)
  3 centaur skeletons
  12 komodo dragons
  2 demonic crawlers
  A queen bee (D:13)
  A jumping spider (Spider:1)
  3 tengu conjurers
  10 trolls
  3 meliai (D:13)
  19 blink frogs
  A polar bear (Lair:5)
  7 dream sheep
  7 slime creatures
  A harpy skeleton (D:14)
  6 hippogriffs
  7 spriggans
  A shadow (D:14)
  A wraith (D:10)
  2 tarantellas (Spider:1)
  Eustachio (D:6)
  3 wyverns
  2 hogs (Lair:6)
  35 yaks
  3 basilisks
  Grum (D:11)
  2 steam dragons
  4 hungry ghosts
  A vampire mosquito (D:7)
  A warg (Orc:2)
  An acid dragon (D:11)
  14 water moccasins
  3 hell hounds (Lair:6)
  12 porcupines
  4 eyes of draining
  3 sky beasts
  40 orc warriors
  A black bear (Lair:3)
  4 ice beasts
  A necrophage (D:11)
  4 phantoms
  12 wolves
  9 ogres
  5 centaurs
  8 crocodiles
  A big kobold (D:11)
  19 bullfrogs
  A gnoll sergeant (D:5)
  5 scorpions
  A wyvern skeleton (D:7)
  17 killer bees
  13 wights
  6 howler monkeys
  5 electric eels
  5 lava snakes (Lair:6)
  9 crimson imps
  2 quasits
  5 centaur zombies
  20 orc priests
  A bullfrog zombie (D:10)
  4 jellies
  6 hounds
  20 orc wizards
  4 bullfrog skeletons
  Terence (D:3)
  3 iguanas
  18 worker ants
  3 hound skeletons
  3 hound zombies
  A worker ant zombie (D:10)
  8 gnolls
  10 adders
  A howler monkey skeleton (D:6)
  3 shadow imps
  An ooze (D:4)
  An adder zombie (D:9)
  2 adder skeletons
  5 worms
  3 dart slugs
  10 leopard geckos
  96 orcs
  4 ball pythons
  4 bats
  8 giant cockroaches
  8 goblins
  3 hobgoblins (D:1)
  17 jackals
  3 quokkas
  4 frilled lizards
  2 jackal skeletons
  16 kobolds
  A leopard gecko zombie (D:7)
  A quokka skeleton (D:4)
  6 rats
738 creatures vanquished.

Vanquished Creatures (collateral kills)
  Gastronok (Lair:2)
  Snorg (Lair:4)
  3 hydras
  A tengu warrior (D:14)
  2 ugly things
  3 elephants (Lair:6)
  An orc sorcerer (Orc:1)
  2 spiny frogs
  2 trolls
  A blink frog (Lair:5)
  4 dream sheep (Lair:4)
  A shadow (D:14)
  A hog (Lair:6)
  2 wyverns
  6 yaks
  2 steam dragons (Lair:6)
  2 wargs
  6 orc warriors
  2 bullfrogs
  An orc priest (D:13)
  3 orc wizards (Orc:1)
  8 orcs
55 creatures vanquished.

Vanquished Creatures (others)
  A dancing weapon (D:7)
  2 humans
  13 fungi
  16 plants
  6 toadstools (Lair:5)
38 creatures vanquished.

Grand Total: 831 creatures vanquished

Notes
Turn   | Place    | Note
-------+----------+-------------------------------------------
     0 | D:1      | Esekla the Octopode Venom Mage began the quest for the Orb.
     0 | D:1      | Reached XP level 1. HP: 11/11 MP: 3/3
   337 | D:1      | Reached XP level 2. HP: 14/17 MP: 0/5
   584 | D:1      | Learned a level 2 spell: Poisonous Vapours
   779 | D:1      | Reached XP level 3. HP: 22/22 MP: 1/6
   854 | D:1      | Learned a level 3 spell: Mephitic Cloud
  1375 | D:2      | Reached XP level 4. HP: 27/27 MP: 3/8
  1499 | D:2      | Found a white marble altar of Elyvilon.
  1636 | D:3      | Reached skill level 1 in Fighting
  1658 | D:3      | Found an ancient bone altar of Kikubaaqudgha.
  1660 | D:3      | Noticed a human
  1661 | D:3      | Killed a human
  1748 | D:3      | HP: 1/28 [orc priest/+0 hand axe (9)]
  1753 | D:3      | Reached skill level 1 in Conjurations
  1753 | D:3      | Reached skill level 1 in Air Magic
  1753 | D:3      | Reached XP level 5. HP: 14/33 MP: 1/9
  2187 | D:3      | Noticed Terence
  2201 | D:3      | Killed Terence
  2201 | D:3      | Reached XP level 6. HP: 36/38 MP: 1/10
  2227 | D:3      | Reached skill level 1 in Short Blades
  2565 | D:4      | Found an ornate altar of the Wu Jian Council.
  2692 | D:4      | Found a staircase to the Ecumenical Temple.
  2698 | Temple   | Entered the Ecumenical Temple
  2838 | Temple   | Became a worshipper of Ashenzari the Shackled
  3230 | D:4      | Reached skill level 3 in Spellcasting
  3333 | D:4      | Found Dill's Weapon Emporium.
  3681 | D:4      | Reached XP level 7. HP: 42/44 MP: 11/11
  3950 | D:5      | Entered Level 5 of the Dungeon
  4640 | D:5      | Found a hide-covered altar of Uskayaw.
  4676 | D:5      | Reached skill level 4 in Spellcasting
  4989 | D:5      | Reached XP level 8. HP: 37/51 MP: 7/14
  5245 | D:6      | Found Liuzei's Armour Shop.
  5282 | D:6      | Reached * piety under Ashenzari
  5422 | D:6      | Noticed Eustachio
  5443 | D:6      | Killed Eustachio
  5443 | D:6      | Reached skill level 5 in Poison Magic
  5654 | D:6      | Reached skill level 5 in Stealth
  6118 | D:7      | Reached skill level 1 in Throwing
  6338 | D:5      | You fall into a shaft and drop 1 floor!
  6401 | D:8      | Found Nalyg's Antique Weapon Emporium.
  6440 | D:8      | Found Ithuce's Distillery.
  6453 | D:8      | Reached XP level 9. HP: 57/57 MP: 16/16
  6570 | D:8      | Found Ygiatoiv's Distillery.
  6777 | D:8      | Found Ciatt's Book Boutique.
  6796 | D:8      | Found a glowing silver altar of Zin.
  6870 | D:8      | Found Hehiuc's Jewellery Shop.
  7096 | D:9      | Reached skill level 5 in Spellcasting
  7260 | D:9      | Reached ** piety under Ashenzari
  7470 | D:9      | Learned a level 1 spell: Apportation
  7474 | D:9      | Learned a level 3 spell: Tukima's Dance
  7479 | D:9      | Learned a level 4 spell: Olgreb's Toxic Radiance
  7573 | D:9      | Reached skill level 1 in Translocations
  7670 | D:9      | Reached skill level 1 in Long Blades
  7951 | D:7      | Found a shimmering blue altar of Sif Muna.
  7952 | D:7      | Found a burning altar of Makhleb.
  7952 | D:7      | Found a shimmering altar of Xom.
  8358 | D:7      | Reached skill level 5 in Short Blades
  8358 | D:7      | Reached skill level 1 in Hexes
  8532 | D:7      | Reached XP level 10. HP: 65/65 MP: 13/18
  8559 | D:7      | Reached skill level 5 in Dodging
  8971 | D:4      | Bought a +5 quick blade for 546 gold pieces
  8974 | D:4      | Identified 2 scrolls of acquirement
  8974 | D:4      | Identified the cursed ring "Cown" {rC+ MP+9} (You acquired
                  | it on level 4 of the Dungeon)
  8974 | D:4      | Identified the cursed +0 buckler of Vlad {rElec Int+2} (You
                  | acquired it on level 4 of the Dungeon)
  9229 | D:10     | Entered Level 10 of the Dungeon
  9229 | D:10     | Found a runed translucent door.
  9251 | D:10     | Reached skill level 6 in Spellcasting
  9367 | D:10     | Noticed Flubbersnuff's ghost (novice MiFi)
  9532 | D:10     | Identified the +6 hunting sling of Boucaf {venom, rElec rC+
                  | Str+7}
  9619 | D:10     | Found a viscous altar of Jiyva.
  9665 | D:10     | Noticed a two-headed ogre
  9667 | D:10     | Killed a two-headed ogre
  9667 | D:10     | Reached skill level 5 in Fighting
  9991 | D:10     | Noticed an unseen horror
  9994 | D:10     | Noticed a two-headed ogre
 10007 | D:10     | Killed an unseen horror
 10032 | D:10     | Reached XP level 11. HP: 38/72 MP: 13/21
 10227 | D:10     | Killed a two-headed ogre
 10227 | D:10     | Reached skill level 7 in Spellcasting
 11257 | D:10     | Identified the cursed +7 dagger "Yfun" {flame, *Rage rElec
                  | rN+ Int+4 SInv} (You acquired it on level 10 of the
                  | Dungeon)
 11262 | D:10     | Learned a level 2 spell: Blink
 11265 | D:10     | Learned a level 2 spell: Shroud of Golubria
 11283 | D:11     | Found a staircase to the Orcish Mines.
 11285 | D:11     | Found Kawnam's Armour Boutique.
 11285 | D:11     | Noticed a cyclops
 11321 | D:11     | Killed a cyclops
 11332 | D:11     | Noticed a manticore
 11340 | D:11     | Killed a manticore
 11781 | D:11     | Noticed a seven-headed hydra
 11918 | D:11     | Noticed Grum
 11940 | D:11     | Killed Grum
 12567 | D:10     | Reached skill level 8 in Spellcasting
 12969 | D:11     | Noticed a cyclops
 13149 | D:11     | Killed a cyclops
 13347 | D:11     | Reached skill level 5 in Hexes
 13368 | D:11     | Reached skill level 5 in Air Magic
 13469 | D:11     | Found a staircase to the Lair.
 13543 | Lair:1   | Entered Level 1 of the Lair of Beasts
 13559 | Lair:1   | Reached XP level 12. HP: 80/80 MP: 24/24
 13577 | Lair:1   | Reached skill level 1 in Shields
 13582 | Lair:1   | Found a sacrificial altar of Ru.
 13644 | Lair:1   | Learned a level 4 spell: Summon Lightning Spire
 13995 | Lair:1   | Reached skill level 1 in Summonings
 14319 | D:8      | Bought an uncursed ring of poison resistance for 320 gold
                  | pieces
 14579 | Lair:1   | Noticed a five-headed hydra
 14737 | Lair:1   | Reached skill level 1 in Charms
 14838 | Lair:1   | Reached *** piety under Ashenzari
 14873 | Lair:1   | Reached skill level 5 in Long Blades
 15494 | Lair:2   | Noticed a six-headed hydra
 15659 | Lair:2   | Noticed Gastronok
 16220 | Lair:3   | Identified the ring "Foanejayc" {MP+9 Str+3 Slay+2}
 16372 | Lair:3   | Noticed Rupert
 16450 | Lair:3   | Identified the +3 dagger of a Gauntlet {venom, MR+}
 16558 | Lair:3   | Reached **** piety under Ashenzari
 16953 | Lair:3   | Found a hole to the Spider Nest.
 17360 | Lair:3   | Killed Rupert
 17360 | Lair:3   | Reached skill level 9 in Spellcasting
 17360 | Lair:3   | Reached XP level 13. HP: 62/84 MP: 26/26
 17636 | Lair:4   | Found a staircase to the Swamp.
 17664 | Lair:4   | Noticed Nergalle
 18066 | Lair:4   | Noticed Snorg
 18088 | Lair:4   | Killed Snorg
 18852 | Lair:4   | Killed Nergalle
 19205 | Lair:2   | Killed Gastronok
 19531 | D:8      | Bought an uncursed amulet of regeneration for 480 gold
                  | pieces
 20225 | Lair:4   | Reached skill level 10 in Spellcasting
 20431 | Lair:5   | Reached skill level 5 in Summonings
 20431 | Lair:5   | Reached XP level 14. HP: 90/90 MP: 28/28
 20454 | Lair:5   | Learned a level 6 spell: Invisibility
 20482 | Lair:5   | Found a runed translucent door.
 20520 | Lair:5   | Reached skill level 5 in Shields
 20903 | Lair:5   | Reached ***** piety under Ashenzari
 21356 | Lair:6   | Entered Level 6 of the Lair of Beasts
 21358 | Lair:6   | Noticed Kirke
 21402 | Lair:6   | Killed Kirke
 22014 | Lair:6   | Found a runed translucent door.
 22015 | Lair:6   | Found a viscous altar of Jiyva.
 22015 | Lair:6   | Noticed an acid blob
 22016 | Lair:6   | Noticed an acid blob
 22016 | Lair:6   | Noticed an acid blob
 22017 | Lair:6   | Found a staircase to the Slime Pits.
 22102 | Lair:6   | Found a large runed translucent door.
 22102 | Lair:6   | Found a large runed translucent door.
 22402 | Lair:6   | Reached skill level 11 in Spellcasting
 22626 | Orc:1    | Entered Level 1 of the Orcish Mines
 22656 | Orc:1    | Noticed an orc warlord
 22679 | Orc:1    | Killed an orc warlord
 22685 | Orc:1    | Reached skill level 10 in Stealth
 22727 | Orc:1    | Found Kanagoil's Assorted Antiques.
 22856 | Orc:1    | Found a bloodstained altar of Trog.
 22867 | Orc:1    | Found Aphuada's Assorted Antiques.
 22878 | Orc:1    | Bought a scroll of enchant weapon for 180 gold pieces
 22878 | Orc:1    | Bought a scroll of enchant weapon for 180 gold pieces
 22900 | Orc:1    | Bought a potion of heal wounds for 120 gold pieces
 22911 | Orc:2    | Entered Level 2 of the Orcish Mines
 22914 | Orc:2    | Noticed an orc warlord
 22943 | Orc:2    | Noticed an orc warlord
 23307 | D:8      | Bought a potion of heal wounds for 55 gold pieces
 23325 | D:8      | Bought a potion of heal wounds for 65 gold pieces
 23587 | Orc:1    | Killed an orc warlord
 23592 | Orc:1    | Reached XP level 15. HP: 52/97 MP: 24/30
 23808 | Orc:2    | Killed an orc warlord
 24019 | Orc:2    | Found Ludwyll's General Store.
 24043 | Orc:2    | Bought 2 potions of heal wounds for 180 gold pieces
 24083 | Orc:2    | Found Iwuyzah's Book Emporium.
 24150 | Orc:2    | Found a staircase to the Elven Halls.
 24182 | Orc:2    | Found Ezxa Jei's Antique Weapon Shoppe.
 24200 | Orc:2    | Found Socexzea's Antique Armour Emporium.
 24208 | Orc:2    | Bought a glowing buckler for 202 gold pieces
 24351 | Orc:1    | Found Woleupt's Assorted Antiques.
 24364 | Orc:1    | Noticed Harold
 24426 | Orc:1    | Killed Harold
 24482 | Orc:1    | Found Moeda's Jewellery Shoppe.
 24511 | Orc:1    | Found Reuskaotz's Food Shoppe.
 26041 | D:13     | Identified the Catalogue of Feathers and the Traveller (You
                  | acquired it on level 13 of the Dungeon)
 26041 | D:13     | Identified the cursed +4 kite shield of a Gauntlet {rF+}
                  | (You acquired it on level 13 of the Dungeon)
 26181 | Orc:1    | Bought the ring of Okawaru's Castigation {rN++ Slay+5
                  | Stlth+} for 840 gold pieces
 26236 | Orc:1    | Bought a scroll of remove curse for 72 gold pieces
 26521 | D:13     | Noticed Jorgrun
 26529 | D:13     | Killed Jorgrun
 26616 | D:13     | Found a gate to the Vaults.
 26811 | D:13     | Reached skill level 10 in Poison Magic
 27104 | D:14     | Reached skill level 12 in Spellcasting
 27473 | D:14     | Found a sacrificial altar of Ru.
 27553 | D:14     | Noticed Agnes
 27561 | D:14     | Killed Agnes
 27771 | D:15     | Entered Level 15 of the Dungeon
 27779 | D:15     | Reached ****** piety under Ashenzari
 27880 | D:15     | Found a staircase to the Depths.
 28044 | D:15     | Reached skill level 10 in Dodging
 28047 | D:15     | Reached XP level 16. HP: 103/103 MP: 32/32
 28211 | D:15     | Found a basalt altar of Yredelemnul.
 28244 | D:15     | Gained mutation: You expend magic power (3 MP) to
                  | strengthen your wands. [potion of mutation]
 28244 | D:15     | Gained mutation: You are agile. (Dex +2) [potion of
                  | mutation]
 28730 | Spider:1 | Entered Level 1 of the Spider Nest
 28976 | Spider:1 | Noticed Asterion
 28988 | Spider:1 | Slain by Asterion

Levels and vault maps discovered:
D:1:      dpeg_arrival_rooms_b, layout_loops_ring, minmay_misc_feat_rows
D:2:      layout_basic, elyvilon_altar_5
D:3:      layout_loops_ring, first_ration, tgw_kikubaaqudgha, uniq_terence
D:4:      layout_loops_corners, lemuel_doored_altar, minmay_temple_entry_hall,
          serial_shops, nicolae_shop_behind_doors
D:5:      layout_gridville, marbit_many_paths
D:6:      layout_gridville, serial_shops, kennysheep_mini_moat, uniq_eustachio
D:7:      layout_rooms, chequers_temple_overflow_statue_of_worship,
          minmay_the_grid_2x2 [minmay_the_grid_expand, minmay_the_grid_mess,
          minmay_the_grid_all_tris, minmay_the_grid_prize_big_room]
D:8:      layout_cave_pools, zin_statuary, serial_shops,
          nicolae_shop_behind_doors, kennysheep_little_box, shop,
          nicolae_shop_overgrown_old_shop, nicolae_shop_waterfront,
          minmay_misc_feat_nine_boxes, the_bakery
D:9:      layout_basic
D:10:     layout_roguey [special_room_orc], ebering_ghost_reflecting_pool,
          jiyva_altar_1
D:11:     layout_basic, lair_entry_dummy, orc_david_3, uniq_grum
D:12:     layout_loops_corners
D:13:     layout_basic, david_vaults_1, nicolae_looking_at_the_future,
          uniq_jorgrun
D:14:     layout_basic, minmay_holes, nicolae_ru_the_path_less_chosen,
          uniq_agnes
D:15:     hangedman_depths_entry_civil_slaughter, layout_stronghold,
          basic_altar, minivault_23
Temple:   eino_temple_rhombus
Lair:1:   layout_roguey, basic_altar, st_stairs_12, wad_woods_01,
          minmay_lair_oklob_chamber, serial_bayou_shore_b, serial_bayou_shore_b
Lair:2:   layout_loops_ring, lemuel_fruit_tree, grunt_megastairs_4,
          uniq_gastronok
Lair:3:   layout_cave_pods, nicolae_spider_entry_non_spiders,
          serial_bayou_shore_a, lemuel_fruit_fields,
          infiniplex_staircase_pool_2, uniq_rupert
Lair:4:   layout_gridlike, swamp_mist, minmay_lair_drake_nest, uniq_nergalle,
          uniq_snorg
Lair:5:   gammafunk_lair_enchanted_lake, layout_gridlike
Lair:6:   cheibrodos_lair_end_hotspot, layout_big_grid, slime_altar_2,
          uniq_kirke
Spider:1: layout_spider_delve, uniq_asterion
Orc:1:    layout_caves, basic_altar, serial_shops, shop, shop,
          nicolae_shop_trees, shop_fountains, nicolae_shop_behind_doors,
          uniq_harold
Orc:2:    grunt_orc_gardens, layout_diamond_mine, grunt_orc_garden,
          grunt_orc_garden, grunt_orc_garden, grunt_orc_garden

Skill      XL: |  1  2  3  4  5  6  7  8  9 10 11 12 13 14 15 |
---------------+----------------------------------------------+-----
Poison Magic   | 4 5 6 7 8 9 10 | 10.5
Stealth        | 3 4 5 6 7 9 10 11 | 11.6
Fighting       | 1 2 3 4 5 6 7 |  7.3
Conjurations   | 1 2 3 4 |  4.6
Air Magic      | 1 2 3 4 5 6 7 8 |  8.5
Short Blades   | 1 2 3 5 6 |  6.4
Spellcasting   | 3 4 5 6 8 9 10 11 12 | 12.6
Dodging        | 3 4 5 6 7 8 9 10 | 10.1
Throwing       | 1 2 3 4 |  4.7
Translocations | 2 3 |  3.2
Long Blades    | 1 3 4 5 6 |  6.6
Hexes          | 1 3 5 6 8 |  8.7
Shields        | 3 4 5 |  5.3
Summonings     | 3 5 |  5.3
Charms         | 2 |  2.9
Transmutations | |  1.0
Evocations     | |  0.8

Action                   |  1- 3 |  4- 6 |  7- 9 | 10-12 | 13-15 | 16-18 || total
-------------------------+-------+-------+-------+-------+-------+-------++-------
Melee: Unarmed           |    23 |       |       |       |       |       ||    23
       Constrict         |    17 |    22 |    42 |    64 |    68 |     6 ||   219
       Tentacles         |     5 |    12 |    44 |   130 |   194 |    23 ||   408
       Short sword       |    32 |    90 |   157 |    19 |       |       ||   298
       Dagger            |     2 |       |       |       |       |       ||     2
       Falchion          |       |       |    27 |     3 |       |       ||    30
       Quick blade       |       |       |       |   525 |   680 |    60 ||  1265
Throw: Dart              |       |     4 |    12 |    11 |    48 |     8 ||    83
       Boomerang         |       |       |     4 |    61 |    72 |       ||   137
       Javelin           |       |       |       |       |     4 |       ||     4
 Cast: Sting             |     7 |       |       |       |       |       ||     7
       Poisonous Vapours |    16 |    33 |    58 |   150 |   248 |    10 ||   515
       Mephitic Cloud    |       |     3 |     4 |    18 |    66 |     5 ||    96
       Tukima's Dance    |       |       |     4 |     5 |       |       ||     9
       Olgreb's Toxic Ra |       |       |     1 |     4 |    15 |       ||    20
       Apportation       |       |       |       |     4 |    14 |       ||    18
       Blink             |       |       |       |     4 |    15 |       ||    19
       Shroud of Golubri |       |       |       |     1 |    16 |     1 ||    18
       Summon Lightning  |       |       |       |       |    43 |     2 ||    45
       Invisibility      |       |       |       |       |     4 |       ||     4
Invok: Curse Item        |       |       |     1 |     4 |     6 |       ||    11
       Scrying           |       |       |       |       |     1 |       ||     1
Evoke: Wand              |       |       |       |       |     7 |       ||     7
  Use: Potion            |       |     1 |     1 |     2 |     8 |     1 ||    13
       Scroll            |       |       |     8 |    16 |    17 |     3 ||    44
 Stab: Sleeping          |     5 |     4 |    32 |    32 |    29 |     5 ||   107
       Confused          |       |       |     5 |    17 |    40 |     1 ||    63
       Distracted        |       |       |     3 |     4 |     7 |       ||    14
       Invisible         |       |       |       |       |    11 |       ||    11
  Eat: Chunk             |     2 |     6 |    14 |    17 |    26 |     2 ||    67
       Ration            |       |     1 |     1 |     3 |     3 |       ||     8
Armor: Skin              |    12 |    27 |    29 |    19 |    21 |     1 ||   109
Dodge: Dodged            |    40 |    53 |   109 |   223 |   469 |    14 ||   908
Block: Buckler           |       |       |       |       |    46 |    11 ||    57
       Rpst.: Falchion   |       |       |     9 |     3 |       |       ||    12

Table legend:
 A = Non-vault XP
 B = Vault XP
 C = Vault XP percentage of total XP
 D = Non-vault monster count
 E = Vault monster count
 F = Vault count percentage of total count
                 A         B        C        D         E       F
            +---------+---------+-------+---------+---------+-------
      Total |   86871 |   49826 |  36.4 |     616 |     177 |  22.3
            +---------+---------+-------+---------+---------+-------
        D:1 |      42 |       0 |   0.0 |      21 |       0 |   0.0
        D:2 |      46 |       0 |   0.0 |      18 |       0 |   0.0
        D:3 |     233 |      36 |  13.4 |      31 |       1 |   3.1
        D:4 |     279 |       0 |   0.0 |      16 |       0 |   0.0
        D:5 |     669 |       3 |   0.4 |      18 |       1 |   5.3
        D:6 |     640 |     208 |  24.5 |      18 |       1 |   5.3
        D:7 |    1054 |     914 |  46.4 |      27 |      12 |  30.8
        D:8 |     445 |     215 |  32.6 |      17 |       1 |   5.6
        D:9 |    1591 |       0 |   0.0 |      20 |       0 |   0.0
       D:10 |    5757 |    1124 |  16.3 |      39 |      30 |  43.5
       D:11 |    4308 |     682 |  13.7 |      47 |       9 |  16.1
       D:12 |    2560 |       0 |   0.0 |      21 |       0 |   0.0
       D:13 |    3468 |    7296 |  67.8 |      27 |      20 |  42.6
       D:14 |    9063 |    2092 |  18.8 |      33 |       1 |   2.9
       D:15 |    9727 |    4552 |  31.9 |      19 |       6 |  24.0
     Lair:1 |    5316 |    1286 |  19.5 |      24 |       6 |  20.0
     Lair:2 |    4135 |    1948 |  32.0 |      19 |       3 |  13.6
     Lair:3 |    3174 |    3561 |  52.9 |      16 |       9 |  36.0
     Lair:4 |   11775 |    3656 |  23.7 |      43 |       7 |  14.0
     Lair:5 |    4948 |    4516 |  47.7 |      25 |      13 |  34.2
     Lair:6 |    4545 |    8349 |  64.8 |      19 |      29 |  60.4
   Spider:1 |    2802 |       0 |   0.0 |       7 |       0 |   0.0
      Orc:1 |    7979 |    1632 |  17.0 |      59 |       3 |   4.8
      Orc:2 |    2315 |    7756 |  77.0 |      32 |      25 |  43.9
            +---------+---------+-------+---------+---------+-------
